 Dungeon Crawl Stone Soup version 0.30-a0-711-gf4ac18a38d (webtiles) character file.

Game seed: 14557455363355525367

424 bande the Covered (level 6, -1/39 HPs)
             Began as a Gargoyle Fighter on Jan 23, 2023.
             Slain by a gnoll
             ... wielding a +0 halberd
              (4 damage)
             ... on level 4 of the Dungeon.
             The game lasted 00:05:51 (3734 turns).

bande the Covered (Gargoyle Fighter)                Turns: 3734, Time: 00:05:51

Health: -1/39      AC: 18    Str: 20    XL:     6   Next: 96%
Magic:  6/6        EV:  7    Int:  8    God:
Gold:   227        SH:  4    Dex: 11    Spells: 5/5 levels left

rFire   . . .      SeeInvis .    a - +1 war axe
rCold   . . .      Faith    .    c - +0 buckler
rNeg    + . .      Spirit   .    n - +0 chain mail
rPois   ∞          Reflect  .    m - +2 hat
rElec   +          Harm     .    j - +0 cloak
rCorr   .          Rampage  .    (no gloves)
Will    .....                    r - +0 pair of boots Stlth
                                 (no amulet)
HPRegen 0.26/turn                (no ring)
MPRegen 0.10/turn                (no ring)

@: no status effects
A: sickness immunity, AC +4, negative energy resistance 1, electricity
resistance, torment resistance 1, petrification resistance
a: no special abilities


You were on level 4 of the Dungeon.
You visited 1 branch of the dungeon, and saw 4 of its levels.

You collected 227 gold pieces.

Inventory:

Hand Weapons
 a - a +1 war axe (weapon)
 b - a +0 flail
 h - a +0 war axe
 q - the +1 mace of Qosynafo {flame, rPois rC+ Str+3 SInv}
   (You found it on level 4 of the Dungeon)

   Str:       It affects your strength (+3).
   rC:        It protects you from cold.
   rPois:     It protects you from poison.
   SInv:      It lets you see invisible.
Armour
 c - a +0 buckler (worn)
 j - a +0 cloak (worn)
 m - a +2 hat (worn)
 n - a +0 chain mail (worn)
 r - a +0 pair of boots (worn)
Jewellery
 l - a ring of protection from cold
Scrolls
 g - 3 scrolls of fog
 p - a scroll of teleportation
Potions
 d - 3 potions of might
 e - 2 potions of heal wounds
 f - a potion of berserk rage
 i - a potion of flight {unknown}
 k - 2 potions of attraction {unknown}
 o - a potion of magic {unknown}
 s - a potion of curing {unknown}


   Skills:
 + Level 4.4 Fighting
 + Level 4.7 Axes
 + Level 4.8 Armour
 + Level 4.2 Shields


You had 5 spell levels left.
You didn't know any spells.
Your spell library contained the following spells:

 Spells                   Type           Power      Damage    Failure   Level
 Apportation              Tloc           0%         N/A       99%         1
 Necrotise                Necr           0%         1d4       99%         1
 Summon Small Mammal      Summ           0%         N/A       99%         1


Dungeon Overview and Level Annotations

Branches:
Dungeon (4/15)
 Temple: D:4-7

Altars:


Innate Abilities, Weirdness & Mutations

You are immune to sickness and miasma.
Your stone body is resilient. (AC +4)
You are immune to poison.
You resist negative energy. (rN+)
You are resistant to electric shocks. (rElec)
You are resistant to unholy torment.
You are immune to petrification.


Message History

You block the ufetubus's attack.
The ufetubus hits you but does no damage.
The gnoll hits you from afar with a +0 halberd.
The ufetubus hits you but does no damage.
The ufetubus barely misses you.
You are too injured to fight recklessly!
You are too injured to fight recklessly!
You are too injured to fight recklessly!
You are too injured to fight recklessly!
You are too injured to fight recklessly!
You are too injured to fight recklessly!
You are too injured to fight recklessly!
You are too injured to fight recklessly!
You are too injured to fight recklessly!
The ufetubus hits you but does no damage.
The ufetubus barely misses you. The gnoll closely misses you.
You see here a +0 club.
You are too injured to fight recklessly!
You are too injured to fight recklessly!
You hit the gnoll but do no damage. You barely miss the ufetubus.
The ufetubus barely misses you.
The ufetubus hits you but does no damage.
The ufetubus completely misses you.
The ufetubus hits you but does no damage.
The gnoll hits you with a +0 halberd!
* * * LOW HITPOINT WARNING * * *
You closely miss the gnoll. You hit the ufetubus.
The ufetubus hits you but does no damage.
The ufetubus barely misses you. The gnoll barely misses you.
The ufetubus barely misses you. x2
You hit the gnoll.
The gnoll is lightly wounded.
You barely miss the ufetubus. The ufetubus hits you.
* * * LOW HITPOINT WARNING * * *
The ufetubus hits you.
* * * LOW HITPOINT WARNING * * *
You block the gnoll's attack. The ufetubus closely misses you.
The ufetubus hits you but does no damage.
The gnoll hits you with a +0 halberd.
You die...

#.....#.............##....
+.....##...........###.#.#
#.....##...#.........###.#
#.....###..##.............
........#.##.........##...
...........#..#.....##...#
....##...........###..##
..............#............
#.. .
#..............5@)......
#..............g........
.).........###..........
#......... ##...##....
....... ....# .... #..h.###
.8..#. ... #.<...# ...##.
.. ##...## 8.8. #. #####


You could see a gnoll and an ufetubus.

Vanquished Creatures
  2 scorpions
  A hound (D:4)
  3 orc wizards (D:4)
  6 gnolls
  6 adders
  A dart slug (D:1)
  13 orcs
  8 endoplasms
  3 giant cockroaches
  7 goblins
  5 hobgoblins
  A jackal (D:2)
  7 kobolds
  3 quokkas
  6 ball pythons
  3 bats
  7 frilled lizards
  6 rats
88 creatures vanquished.

Notes
Turn   | Place    | Note
-------+----------+-------------------------------------------
     0 | D:1      | bande the Gargoyle Fighter began the quest for the Orb.
     0 | D:1      | Reached XP level 1. HP: 14/14 MP: 1/1
   102 | D:1      | Reached XP level 2. HP: 17/19 MP: 2/2
   563 | D:1      | Found a faded altar of an unknown god.
   735 | D:1      | Reached XP level 3. HP: 23/23 MP: 3/3
  1391 | D:2      | You fall into a shaft and drop 2 floors!
  1951 | D:3      | Reached XP level 4. HP: 28/29 MP: 4/4
  2409 | D:4      | Found a faded altar of an unknown god.
  2681 | D:4      | Reached XP level 5. HP: 30/33 MP: 5/5
  3241 | D:3      | Reached XP level 6. HP: 34/38 MP: 6/6
  3659 | D:4      | Identified the +1 mace of Qosynafo {flame, rPois rC+ Str+3
                  | SInv}
  3734 | D:4      | Slain by a gnoll

Illustrated notes

Levels and vault maps discovered:
D:1:      amcnicky_arrival_flooded_fountain, layout_basic,
          dreamdust_ecumenical_altar_hidden_monk_grotto, minmay_tetromino_i4
D:2:      layout_basic, minmay_tripent
D:3:      layout_loops_ring
D:4:      layout_cave_pools, serial_column_ruins, column_ruins_temple_circle,
          column_ruins_hut, column_ruins_open_medium, column_ruins_grid_3,
          column_ruins_columns_corner, column_ruins_columns_straight

Skill      XL: |  1  2  3  4  5  6 |
---------------+-------------------+-----
Axes           | 2 3 4 |  4.7
Armour         | 4 |  4.8
Fighting       | 4 |  4.4
Shields        | 4 |  4.2

Action                     |  1- 3 |  4- 6 || total
---------------------------+-------+-------++-------
  Melee: War axe           |   106 |   177 ||   283
    Use: Scroll            |     8 |     3 ||    11
 Armour: Scale mail        |    53 |    35 ||    88
         Chain mail        |       |   208 ||   208
  Dodge: Dodged            |    48 |   103 ||   151
  Block: Buckler           |    19 |    49 ||    68

Table legend: (Time is in decaauts)
 A = Elapsed time spent in this place.
 B = Non-inter-level travel time spent in this place.
 C = Inter-level travel time spent in this place.
 D = Time resting spent in this place.
 E = Time spent auto-exploring this place.
 F = Levels seen in this place.
 G = Mean time per level.
                   A        B        C        D        E       F      G
               +--------+--------+--------+--------+--------+-----+--------+
         Total |   3845 |   3762 |     83 |    869 |   2037 |   4 |  961.2 |
       Dungeon |   3845 |   3762 |     83 |    869 |   2037 |   4 |  961.2 |
               +--------+--------+--------+--------+--------+-----+--------+

Top non-repeatable levels by time:
     D:3: 1466 daAuts
     D:1: 1157 daAuts
     D:2: 627 daAuts
     D:4: 593 daAuts
